 Dungeon Crawl Stone Soup version 0.32-a0-928-g1cae6b7ea0 (webtiles) character file.

Game seed: 16570867292794818765

125 DEFE the Trooper (level 5, -9/42 HPs)
             Began as a Coglin Fighter on Apr 12, 2024.
             Mangled by an ogre
             ... wielding a +0 giant spiked club
              (32 damage)
             ... on level 3 of the Dungeon.
             The game lasted 00:01:42 (1470 turns).

DEFE the Trooper (Coglin Fighter)                   Turns: 1470, Time: 00:01:42

Health: -9/42      AC:  6    Str: 18    XL:     5   Next: 9%
Magic:  5/5        EV:  8    Int:  8    God:
Gold:   105        SH:  0    Dex: 13    Spells: 4/4 levels left

rFire   . . .        a - +0 flail {Nenetl}
rCold   . . .        i - +2 dagger (venom) {Renate}
rNeg    . . .        b - +0 scale mail
rPois   .            (no helmet)
rElec   .            (no cloak)
rCorr   .            (no gloves)
SInv    .            (no boots)
Will    .....        (amulet unavailable) Stlth
                     (ring unavailable)
HPRegen 0.27/turn    (ring unavailable)
MPRegen 0.09/turn    (no gizmo)

%: no passive effects
@: revved
A: off-hand wielding, slow wielding, warmup strikes, no jewellery
a: Invent Gizmo


You were on level 3 of the Dungeon.
You visited 1 branch of the dungeon, and saw 3 of its levels.

You collected 105 gold pieces.

Inventory:

Hand Weapons
 a - a +0 flail (weapon) {Nenetl}
 f - a +0 whip {Teicuih}
 i - a +2 dagger of venom (offhand) {Renate}
Armour
 b - a +0 scale mail (worn)
 c - a +0 buckler
Wands
 l - a wand of acid (12)
Scrolls
 k - a scroll of fog {unknown}
 m - a scroll of fear {unknown}
 n - a scroll of poison {unknown}
 o - a scroll of silence {unknown}
Potions
 d - a potion of might
 e - 2 potions of haste {unknown}
 g - a potion of lignification {unknown}
 h - a potion of invisibility {unknown}
 j - a potion of enlightenment {unknown}


   Skills:
 + Level 3.8 Fighting
 + Level 2.7 Maces & Flails
 + Level 3.4 Armour
 + Level 2.8 Shields


You had 4 spell levels left.
You didn't know any spells.
Your spell library was empty.

Dungeon Overview and Level Annotations

Branches:
Dungeon (3/15)

Altars:


Innate Abilities, Weirdness & Mutations

You can wield a second weapon in your off-hand.
It takes a long time for you to wield or remove held weapons.
Your first few attacks do less damage.
You cannot equip rings or amulets.


Message History

You barely miss the orc with your +0 flail.
The orc is severely wounded.
You hit the orc but do no damage. The orc closely misses you.
The orc misses you.
You barely miss the orc with your +0 flail.
The orc is severely wounded.
You hit the orc with your +2 dagger of venom.
You kill the orc!
An ogre comes into view. It is wielding a +0 giant spiked club.
The orc hits you with a +3 hand axe.
You hit the orc with your +0 flail.
The orc is heavily wounded.
You closely miss the orc with your +2 dagger of venom.
The orc hits you with a +0 flail. The orc barely misses you.
You hit the orc with your +2 dagger of venom.
The orc is poisoned.
The orc is almost dead.
You hit the orc with your +0 flail.
You kill the orc!
The orc hits you with a +3 hand axe.
You hit the orc with your +2 dagger of venom.
The orc is heavily wounded.
You hit the orc with your +0 flail. The orc barely misses you.
The orc hits you but does no damage. x2; The orc barely misses you.
You hit the orc with your +2 dagger of venom.
You kill the orc!
The orc barely misses you.
You barely miss the orc with your +2 dagger of venom.
You closely miss the orc with your +0 flail.
The orc barely misses you.
You hit the orc with your +0 flail.
The orc is moderately wounded.
You barely miss the orc with your +2 dagger of venom.
The orc hits you with a +3 hand axe.
You closely miss the orc with your +2 dagger of venom.
The orc is moderately wounded.
You hit the orc but do no damage.
The ogre hits you with a +0 giant spiked club!!
Ouch! That really hurt!
You die...

### #...###... ..#
#.......# . ...
..###.......#.# ..# .
#...........#.## #..#.
#.#............. ....
#......)....######..###.
##.)...................[
#..#............Oo......
#.##......).....@#
.....#...#.#.....#
........##.#.....######
.........###............
.#.....#...#.....#####..
....##...#.#.....#
..######.........# ..#
###.......... #.#
#...#######


You could see an ogre and an orc.

Vanquished Creatures
  3 gnolls (D:2)
  2 adders (D:3)
  A dart slug (D:1)
  A ribbon worm (D:2)
  7 orcs (D:3)
  7 ball pythons
  6 endoplasms
  3 giant cockroaches
  2 hobgoblins
  4 jackals (D:2)
  5 kobolds
  3 quokkas
  4 bats (D:1)
  4 frilled lizards
  7 goblins
  5 rats
64 creatures vanquished.

Notes
Turn   | Place    | Note
-------+----------+-------------------------------------------
     0 | D:1      | DEFE the Coglin Fighter began the quest for the Orb.
     0 | D:1      | Reached XP level 1. HP: 18/18 MP: 1/1
    73 | D:1      | Reached XP level 2. HP: 24/24 MP: 2/2
   230 | D:1      | Reached XP level 3. HP: 28/29 MP: 3/3
   791 | D:2      | Reached XP level 4. HP: 28/35 MP: 4/4
  1435 | D:3      | Reached XP level 5. HP: 42/42 MP: 5/5
  1463 | D:3      | Noticed an ogre
  1470 | D:3      | Mangled by an ogre

Illustrated notes

Levels and vault maps discovered:
D:1:      dpeg_arrival_rooms_with_view, layout_rooms,
          hangedman_abyss_or_decor_lesser_grid
D:2:      layout_basic, amcnicky_mini_rare_corridor_liquid
D:3:      layout_rooms, minmay_tree_intersection, st_stairs_5

Skill      XL: |  1  2 |
---------------+-------+-----
Maces & Flails | 2 |  2.7
Armour         | 3 |  3.4
Fighting       | |  3.8
Shields        | |  2.8

Action                     |  1- 3 |  4- 6 || total
---------------------------+-------+-------++-------
  Melee: Flail             |    79 |    50 ||   129
         Whip              |    33 |       ||    33
         Dagger            |    28 |    48 ||    76
 Armour: Scale mail        |    68 |    48 ||   116
  Dodge: Dodged            |    36 |    29 ||    65
  Block: Buckler           |     4 |       ||     4

Table legend: (Time is in decaauts)
 A = Elapsed time spent in this place.
 B = Non-inter-level travel time spent in this place.
 C = Inter-level travel time spent in this place.
 D = Time resting spent in this place.
 E = Time spent auto-exploring this place.
 F = Levels seen in this place.
 G = Mean time per level.
                   A        B        C        D        E       F      G
               +--------+--------+--------+--------+--------+-----+--------+
         Total |   1491 |   1447 |     44 |    291 |    820 |   3 |  497.0 |
       Dungeon |   1491 |   1447 |     44 |    291 |    820 |   3 |  497.0 |
               +--------+--------+--------+--------+--------+-----+--------+

Top non-repeatable levels by time:
     D:2: 774 daAuts
     D:1: 515 daAuts
     D:3: 201 daAuts
